 Dungeon Crawl Stone Soup version 0.27-a0-1188-g73eefd5def (webtiles) character file.

Game seed: 10844366213217157996

2117 Froggeryz the Cleaver (level 9, -8/74 HPs)
             Began as a White Draconian Gladiator on May 21, 2021.
             Mangled by Pikel
             ... wielding a +0 whip of electrocution
              (15 damage)
             ... on level 6 of the Dungeon.
             The game lasted 00:06:45 (5380 turns).

Froggeryz the Cleaver (White Draconian Gladiator)   Turns: 5380, Time: 00:06:46

Health: -8/74      AC: 10    Str: 21    XL:     9   Next: 8%
Magic:  18/18      EV: 12    Int:  8    God:
Gold:   213        SH:  0    Dex: 12    Spells: 8/8 levels left

rFire    + . .     SeeInvis .   a - +1 war axe
rCold    + . .     Faith    .   (no shield)
rNeg     . . .     Spirit   .   (armour unavailable)
rPois    .         Reflect  .   b - +0 hat
rElec    .         Harm     .   r - +0 cloak
rCorr    .         Rampage  .   l - +0 pair of gloves
Will     .....                  o - +0 pair of boots
Stlth    +.........             i - amulet of regeneration
HPRegen  1.22/turn              f - ring of magical power
MPRegen  0.16/turn              z - ring of protection from fire

@: flying
A: breathe frost, AC +7, unfitting armour, cold resistance 1, cold-blooded
a: Breathe Frost


You were on level 6 of the Dungeon.
You visited 2 branches of the dungeon, and saw 8 of its levels.

You collected 271 gold pieces.
You spent 58 gold pieces at shops.

Inventory:

Hand Weapons
 a - a +1 war axe (weapon)
Missiles
 c - 3 throwing nets
 s - 40 poisoned darts (quivered)
Armour
 b - a +0 hat (worn)
 l - a +0 pair of gloves (worn)
 o - a +0 pair of boots (worn)
 r - a +0 cloak (worn)
Jewellery
 f - a ring of magical power (left hand)
 i - an amulet of regeneration (around neck)
 n - a ring of ice
 x - a ring of wizardry
 z - a ring of protection from fire (right hand)
Scrolls
 e - 4 scrolls of identify {unknown}
 j - 7 scrolls of teleportation
 k - a scroll of blinking {unknown}
 p - 3 scrolls of immolation {unknown}
 t - a scroll of enchant weapon
 u - a scroll of enchant armour {unknown}
 w - 2 scrolls of noise {unknown}
 y - a scroll of fear {unknown}
Potions
 d - a potion of attraction {unknown}
 g - a potion of degeneration {unknown}
 h - 2 potions of curing
 m - 2 potions of mutation {unknown}
 q - 2 potions of flight
 v - a potion of cancellation {unknown}


   Skills:
 + Level 5.3 Fighting
 * Level 10.2 Axes
 - Level 5.0 Throwing
 - Level 2.6 Dodging


You had 8 spell levels left.
You didn't know any spells.
Your spell library was empty.

Dungeon Overview and Level Annotations

Branches:
Dungeon (7/15)             Temple (1/1) D:5

Altars:
Cheibriados
Dithmenos
Fedhas
Gozag
Kikubaaqudgha
Makhleb
Nemelex Xobeh
Sif Muna
Trog
Uskayaw
Vehumet
Wu Jian
Xom
Yredelemnul
Zin
The Shining One

Shops:
D:1 (   D:2 =[

Annotations:
D:6 Pikel


Innate Abilities, Weirdness & Mutations

You can breathe waves of freezing cold which knock back foes.
Your icy white scales are hard. (AC +7)
You cannot fit into any form of body armour.
Your flesh is cold resistant. (rC+)
You are cold-blooded and may be slowed by cold attacks.


Message History

The howler monkey hoots and howls with incredible vigour!
You hear a shout! x3
You slash the howler monkey! You tail-slap the howler monkey.
The howler monkey is heavily wounded.
The howler monkey hits you but does no damage.
You slash the howler monkey!
You kill the howler monkey!
You barely miss the lemure. The lemure closely misses you.
You hit the lemure but do no damage.
Your tail-slap misses the lemure.
The lemure barely misses you.
The lemure shouts!
You slash the lemure!
The lemure is moderately wounded.
The lemure hits you.
You barely miss the lemure.
Your tail-slap misses the lemure.
The lemure is moderately wounded.
The lemure closely misses you. Pikel hits you but does no damage.
You are electrocuted!
The lemure hits you but does no damage.
You climb upwards.
There is a stone staircase leading down here.
You closely miss Pikel. You slash the lemure! Pikel barely misses you.
The lemure hits you but does no damage.
You closely miss Pikel. You hit the lemure but do no damage.
Pikel hits you with a +0 whip of electrocution!
You are electrocuted!!
The lemure hits you.
You closely miss Pikel.
Your tail-slap misses Pikel.
You closely miss the lemure. Pikel hits you but does no damage.
You are electrocuted!
* * * LOW HITPOINT WARNING * * *
The lemure hits you.
* * * LOW HITPOINT WARNING * * *
Okay, then.
It was a potion of flight.
You feel very buoyant.
You fly up into the air.
Pikel hits you with a +0 whip of electrocution.
* * * LOW HITPOINT WARNING * * *
You are electrocuted!
You die...

#####################
#...............)....
#.###################
######.#####....##########
#..........[..........##..
#.####.#####..........##..
#.# #.##@K....†..........
#.# #.##5##[[........##..
#.####"##.###.##......##..
#......##.###.##...)..##..
#########.....##......###.
#......##......# #.
#......##......# #.
#......##......###.
#......##......≈≈≈≈


You could see Pikel and a lemure.

Vanquished Creatures
  A water moccasin (D:5)
  3 sky beasts
  An orc warrior (D:5)
  2 black bears
  3 ogres
  A necrophage (D:4)
  A centaur (D:6)
  2 scorpions (D:6)
  A water moccasin zombie (D:5)
  3 wights (D:6)
  A bullfrog zombie (D:6)
  2 howler monkeys
  A centaur zombie (D:6)
  2 jellies (D:6)
  2 hounds (D:6)
  4 orc priests
  A centaur skeleton (D:6)
  3 iguanas
  3 orc wizards
  A howler monkey zombie (D:5)
  3 gnolls (D:4)
  6 adders
  A worm (D:3)
  3 dart slugs
  11 orcs
  An endoplasm (D:1)
  A giant cockroach (D:1)
  7 goblins
  7 hobgoblins
  4 jackals (D:2)
  7 quokkas
  10 ball pythons
  10 bats
  4 frilled lizards
  4 kobolds
  3 rats
120 creatures vanquished.

Notes
Turn   | Place    | Note
-------+----------+-------------------------------------------
     0 | D:1      | Froggeryz the Draconian Gladiator began the quest for the
                  | Orb.
     0 | D:1      | Reached XP level 1. HP: 17/17 MP: 1/1
   208 | D:1      | Found a faded altar of an unknown god.
   268 | D:1      | Reached XP level 2. HP: 22/24 MP: 2/2
   895 | D:2      | Reached XP level 3. HP: 29/29 MP: 3/3
  1103 | D:2      | Found Waphus's Jewellery Emporium.
  1129 | D:2      | Found Geoch's Armour Shop.
  1137 | D:2      | Reached skill level 4 in Axes
  1178 | D:2      | Bought a +0 pair of boots for 58 gold pieces
  1682 | D:3      | Reached XP level 4. HP: 36/36 MP: 4/4
  1737 | D:3      | Found a radiant altar of Vehumet.
  2095 | D:3      | Reached skill level 5 in Axes
  2095 | D:3      | Reached XP level 5. HP: 40/41 MP: 5/5
  2459 | D:4      | Noticed an ogre
  2491 | D:4      | Killed an ogre
  2492 | D:4      | Reached XP level 6. HP: 31/48 MP: 6/6
  2558 | D:4      | Reached skill level 6 in Axes
  2707 | D:4      | Found an opulent altar of Gozag.
  2716 | D:4      | Your scales start taking on an icy white colour.
  2716 | D:4      | Reached XP level 7. HP: 52/55 MP: 7/7
  2716 | D:4      | Gained mutation: Your flesh is cold resistant. (rC+) [White
                  | Draconian growth]
  3244 | D:5      | Entered Level 5 of the Dungeon
  3375 | D:5      | Found a burning altar of Makhleb.
  3410 | D:5      | Reached skill level 7 in Axes
  3576 | D:5      | Found a sparkling altar of Nemelex Xobeh.
  3643 | D:5      | Found a staircase to the Ecumenical Temple.
  3652 | Temple   | Entered the Ecumenical Temple
  3948 | D:5      | Reached skill level 5 in Throwing
  3965 | D:5      | Reached skill level 8 in Axes
  4003 | D:5      | Found a basalt altar of Yredelemnul.
  4023 | D:5      | Reached XP level 8. HP: 62/62 MP: 8/8
  4759 | D:6      | Reached skill level 9 in Axes
  4912 | D:6      | Found a hide-covered altar of Uskayaw.
  4930 | D:6      | Found a blossoming altar of Fedhas.
  5079 | D:6      | Reached skill level 5 in Fighting
  5079 | D:6      | Reached skill level 10 in Axes
  5277 | D:6      | Reached XP level 9. HP: 74/74 MP: 9/9
  5359 | D:7      | Noticed Pikel
  5380 | D:6      | Mangled by Pikel

Illustrated notes

Levels and vault maps discovered:
D:1:      wander_arrival_desolate, layout_loops_ring, serial_shops, shop,
          shapermc_ecumenical_altar_flowoftime
D:2:      layout_loops_ring, serial_shops, shop,
          nicolae_shop_temple_entry_statues_fountains, amethyst_killhole
D:3:      layout_loops_ring, nicolae_vehumet_altar_sigil
D:4:      layout_loops_ring, lemuel_coloured_pillars_altar,
          grunt_decor_resistance
D:5:      layout_basic, lemuel_round_altar, lemuel_crystal_altar,
          general_overflow_altar, temple_doors_e, minivault_14
D:6:      layout_basic, lemuel_round_altar, kennysheep_mini_moat
D:7:      layout_layer_cave, ashenzari_conservatory_becter,
          beargit_hepliaklqana_dungeon_heroes, lemuel_tele_altar,
          kennysheep_generic_room_2, uniq_pikel
Temple:   compressed_dpeg_triangle_lava_temple

Skill      XL: |  1  2  3  4  5  6  7  8 |
---------------+-------------------------+-----
Throwing       | 2 3 4 5 |  5.0
Axes           | 4 5 6 8 10 | 10.2
Fighting       | 5 |  5.3
Dodging        | |  2.6

Action                   |  1- 3 |  4- 6 |  7- 9 || total
-------------------------+-------+-------+-------++-------
Melee: War axe           |    97 |   120 |   190 ||   407
       Tailslap          |    16 |     8 |    24 ||    48
Throw: Dart              |       |     8 |     3 ||    11
 Abil: Breathe Frost     |       |       |     1 ||     1
  Use: Scroll            |     1 |     1 |       ||     2
       Potion            |       |     1 |     1 ||     2
 Stab: Sleeping          |       |     2 |     2 ||     4
Armor: Skin              |    34 |    75 |    86 ||   195
Dodge: Dodged            |    66 |    90 |   106 ||   262

Table legend: (Time is in decaauts)
 A = Elapsed time spent in this place.
 B = Non-inter-level travel time spent in this place.
 C = Inter-level travel time spent in this place.
 D = Time resting spent in this place.
 E = Time spent auto-exploring this place.
 F = Levels seen in this place.
 G = Mean time per level.
                   A        B        C        D        E       F      G
               +--------+--------+--------+--------+--------+-----+--------+
         Total |   5452 |   5223 |    229 |      9 |   4177 |   8 |  681.5 |
       Dungeon |   5191 |   4964 |    227 |      9 |   3919 |   7 |  741.6 |
        Temple |    261 |    259 |      2 |      0 |    258 |   1 |  261.0 |
               +--------+--------+--------+--------+--------+-----+--------+

Top non-repeatable levels by time:
     D:5: 1193 daAuts
     D:4: 918 daAuts
     D:1: 841 daAuts
     D:2: 815 daAuts
     D:3: 725 daAuts
     D:6: 669 daAuts
  Temple: 261 daAuts
     D:7: 27 daAuts
